 Dungeon Crawl Stone Soup version 0.30.0-29-ga12c61a403 (webtiles) character file.

Game seed: 5142847328021479374

92577 safid the Gelid (level 16, -7/136 HPs)
             Began as a Merfolk Ice Elementalist on June 5, 2023.
             Was a High Priest of Vehumet.
             Killed from afar by a will-o-the-wisp (16 damage)
             ... with a foxfire
             ... on level 2 of the Swamp on June 6, 2023.
             The game lasted 01:18:10 (28454 turns).

safid the Gelid (Merfolk Ice Elementalist)         Turns: 28454, Time: 01:18:11

Health: -7/136     AC: 11    Str:  8    XL:     16   Next: 6%
Magic:  21/29      EV: 17    Int: 25    God:    Vehumet [*****.]
Gold:   2857       SH: 11    Dex: 14    Spells: 11/33 levels left

rFire   . . .        m - +7 Throatcutter {drain, coup de grace}
rCold   + . .        s - +1 buckler
rNeg    + . .        W - +1 robe of the Kraken {Archmagi}
rPois   .            x - +0 helmet
rElec   .            Q - +2 cloak
rCorr   .            r - +1 pair of gloves {infuse}
SInv    .            V - +1 pair of boots {Fly}
Will    ++...        l - amulet of reflection
Stlth   ++           N - ring of Ifocop {+Blink rC+ rN+ Int+2}
HPRegen 0.42/turn    e - ring of willpower
MPRegen 0.21/turn

%: reflection, archmagi, infuse magic (1 MP)
@: flying, very slightly contaminated
A: (nimble swimmer 2), mertail
a: Renounce Religion, Evoke Blink


You were on level 2 of the Swamp.
You worshipped Vehumet.
Vehumet was extremely pleased with you.
You visited 5 branches of the dungeon, and saw 25 of its levels.
You also visited: Ossuary and Bailey.

You collected 3060 gold pieces.
You spent 203 gold pieces at shops.

Inventory:

Hand Weapons
 m - the +7 Throatcutter (weapon) {drain, coup de grace}
   (You found it on level 2 of the Dungeon)
Missiles
 t - a throwing net
Armour
 r - a +1 pair of gloves of infusion (worn)
 s - a +1 buckler (worn)
 x - a +0 helmet (worn)
 A - a +0 tower shield of reflection
 Q - a +2 cloak (worn)
 V - a +1 pair of boots of flying (worn)
 W - the +1 robe of the Kraken (worn) {Archmagi}
   (You found it on level 4 of the Lair of Beasts)

   Archmagi:  It increases the power of your magical spells.
Jewellery
 a - a ring of wizardry
 e - a ring of willpower (right hand)
 l - an amulet of reflection (around neck)
 B - a ring of ice
 I - a ring of see invisible
 N - the ring of Ifocop (left hand) {+Blink rC+ rN+ Int+2}
   (You acquired it on level 10 of the Dungeon)

   [ring of protection from cold]

   Int:       It affects your intelligence (+2).
   rC:        It protects you from cold.
   rN:        It protects you from negative energy.
   +Blink:    It lets you blink.
 P - a ring of resist corrosion
Wands
 D - a wand of polymorph (32)
 F - a wand of flame (45)
 G - a wand of light (10)
 L - a wand of iceblast (28)
 M - a wand of charming (16)
 R - a wand of digging (8)
Scrolls
 c - 4 scrolls of magic mapping
 f - 9 scrolls of teleportation
 j - a scroll of butterflies
 k - 2 scrolls of brand weapon
 n - a scroll of silence
 o - a scroll of enchant weapon
 p - 2 scrolls of enchant armour
 v - 6 scrolls of fog
 y - a scroll of blinking
 C - a scroll of amnesia
 H - 5 scrolls of fear
Potions
 b - 3 potions of magic
 d - 4 potions of curing
 g - 3 potions of brilliance
 h - 8 potions of heal wounds
 i - a potion of resistance
 q - 8 potions of haste
 u - 8 potions of lignification
 w - 2 potions of mutation
 z - a potion of ambrosia
 E - 6 potions of invisibility
 J - a potion of berserk rage {unknown}
 K - 5 potions of might
 O - a potion of experience {unknown}
 T - 2 potions of flight


   Skills:
 + Level 15.2 Fighting
 - Level 14.0 Long Blades
 - Level 12.0 Dodging
 - Level 3.0 Stealth
 - Level 6.0 Shields
 + Level 9.3 Spellcasting
 + Level 1.5 Conjurations
 + Level 2.7 Transmutations
 + Level 15.8 Ice Magic
 - Level 8.0 Evocations


You had 11 spell levels left.
You knew the following spells:

 Your Spells              Type           Power      Damage    Failure   Level
a - Freeze                Ice            100%       1d10      0%          1
b - Frozen Ramparts       Ice            100%       1d16      1%          3
c - Ozocubu's Armour      Ice            94%        N/A       1%          3
d - Hailstorm             Conj/Ice       70%        3d15      1%          3
e - Ozocubu's Refrigerat  Ice            47%        4d17      2%          7
f - Irradiate             Conj/Tmut      16%        3d17      22%         5

Your spell library contained the following spells:

 Spells                   Type           Power      Damage    Failure   Level
 Magic Dart               Conj           100%       1d8       1%          1
 Ensorcelled Hibernation  Hex/Ice        100%       N/A       1%          2
 Searing Ray              Conj           58%        2d6       1%          2
 Summon Ice Beast         Ice/Summ       67%        N/A       3%          4
 Sting                    Tmut/Pois      100%       1d8       4%          1
 Volatile Blastmotes      Fire/Tloc      34%        2d12      6%          3
 Spider Form              Tmut/Pois      27%        N/A       13%         3
 Fulminant Prism          Conj/Hex       11%        3d9       16%         4
 Iskenderun's Mystic Bla  Conj/Tloc      23%        2d6       16%         4
 Olgreb's Toxic Radiance  Pois           17%        N/A       19%         4
 Portal Projectile        Hex/Tloc       34%        N/A       22%         3
 Tukima's Dance           Hex            17%        N/A       22%         3
 Iskenderun's Battlesphe  Conj           29%        2d8       28%         5
 Lee's Rapid Deconstruct  Erth           8%         3d7*      45%         5
 Blade Hands              Tmut           18%        N/A       56%         5
 Anguish                  Hex/Necr       8%         N/A       58%         4
 Animate Armour           Summ/Erth      34%        N/A       58%         4
 Iron Shot                Conj/Erth      11%        9d3       88%         6
 Summon Forest            Summ/Tloc      8%         N/A       91%         5
 Summon Mana Viper        Hex/Summ       17%        N/A       91%         5
 Summon Cactus Giant      Summ           8%         N/A       100%        6
 Spellforged Servitor     Conj/Summ      11%        N/A       100%        7
 Summon Horrible Things   Summ           8%         N/A       100%        8


Dungeon Overview and Level Annotations

Branches:
Dungeon (15/15)            Temple (1/1) D:6            Lair (5/5) D:10
  Swamp (2/4) Lair:2       Spider (0/4) Lair:2          Orc (2/2) D:11
    Elf (0/3) Orc:2        Vaults (0/5) D:14         Depths (0/4) D:15
Ossuary (visited)          Bailey (visited)
  Slime: Lair:4-5

Altars:
Ashenzari
Cheibriados
Dithmenos
Elyvilon
Fedhas
Gozag
Hepliaklqana
Kikubaaqudgha
Makhleb
Nemelex Xobeh
Okawaru
Qazlal
Ru
Sif Muna
Trog
Uskayaw
Vehumet
Wu Jian
Xom
Yredelemnul
Zin
The Shining One
Jiyva

Shops:
D:6 *   D:10 (   Orc:1 [   Orc:2 (([*=

Portals:
Trove: D:15 (give horn of Geryon)

Annotations:
D:8 4 transporters
D:9 3 runed translucent doors, 1 exclusion, seaoflcl's ghost, novice DgFi
D:10 2 transporters, exclusions: obsidian statue and orange crystal statue
D:12 2 transporters, booth's ghost, journeyman GnRe
D:13 3 runed translucent doors, SouperSoup's ghost, journeyman DsGl
D:14 Rupert
Lair:4 exclusion: 2 oklob plants


Innate Abilities, Weirdness & Mutations

((You are very nimble when in or above water. (Stealth+, EV+, Speed+++)))
Your lower body shifts to a powerful aquatic tail in water.


Message History

You kill the alligator!
Vehumet accepts your kill.
You feel your power returning.
The will-o-the-wisp gestures.
The will-o-the-wisp conjures some foxfire!
The swamp dragon breathes poison at you.
The blast of poison engulfs the will-o-the-wisp.
The will-o-the-wisp completely resists.
Training target 12.0 for Dodging reached!
Your Dodging skill increases to level 12! 2 foxfires come into view.
Unknown command.
The foxfire hits you. The foxfire hits you!
The will-o-the-wisp gestures.
The will-o-the-wisp conjures some foxfire! 2 foxfires come into view.
The swamp dragon breathes poison at you.
The blast of poison engulfs the foxfire.
The foxfire completely resists.
The foxfire hits you! The foxfire hits you!!
* * * LOW HITPOINT WARNING * * *
Unknown command.
Magic courses through your body.
Unknown command.
Casting: Ozocubu's Refrigeration (dangerous; 2% risk of failure)
Confirm with . or Enter, or press ? or * to list all spells.
You feel a surge of power!
The heat is drained from your surroundings.
The will-o-the-wisp resists.
The will-o-the-wisp is heavily damaged.
You kill the swamp dragon!
Vehumet accepts your kill.
You feel your power returning.
The will-o-the-wisp gestures.
The will-o-the-wisp conjures some foxfire! 2 foxfires come into view.
The foxfire hits you!!
* * * LOW HITPOINT WARNING * * *
The foxfire hits you!
You die...

.....°°.~...~...~..
..~..~.~..?....~~..
§§[....~.......~...
~..~~○†~...°~..~..~
.~~...~§§.○~~....~...
~...~.~..§.○.~~..~.~~.
..~..~..○v○.......~~.~
~.~....°○.§v#.##...~♣
..~......#.@# .#.#..♣♣
.~..........####.....♣
.~~....##...^........♣
.......#.......##...♣
...........~...##..♣
..........~♣......♣~
...##.............~
...#.#!♣...~.#.#...
~..#.#.♣♣....#.#..~


You could see a will-o-the-wisp.

Vanquished Creatures
  A fenstrider witch (Swamp:1)
  Kirke (Swamp:1)
  Louise (Swamp:2)
  An orc warlord (Orc:2)
  Nessos (Orc:2)
  6 hydras
  A ghost crab (Swamp:1)
  A catoblepas (Lair:3)
  4 centaur warriors
  4 two-headed ogres
  Erica (D:9)
  3 boulder beetles
  5 alligators
  5 orc high priests (Orc:2)
  A tengu warrior (D:15)
  Urug (D:14)
  Nergalle (D:12)
  The ghost of JanusIIV the Skirmisher, a novice DEHu of Dithmenos (D:11)
  2 skysharks
  3 skeletal warriors (D:14)
  2 goliath frogs (Swamp:2)
  2 swamp dragons
  4 deep elf pyromancers
  A harpy (D:10)
  Pikel (D:9)
  A necromancer (D:15)
  5 orc knights
  A wolf spider (D:14)
  7 orc sorcerers
  6 cyclopes
  10 ugly things
  2 manticores
  A naga mage (D:15)
  A black mamba (shapeshifter) (D:13)
  6 black mambas
  9 cane toads
  3 torpor snails
  An unseen horror (D:12)
  2 gargoyles (D:13)
  Maggie (Lair:2)
  Psyche (D:8)
  A kobold demonologist (D:14)
  4 rime drakes
  2 efreet
  A tengu conjurer (D:15)
  7 komodo dragons
  A freezing wraith (D:15)
  8 polar bears
  A harpy skeleton (D:15)
  10 trolls
  6 hornets
  A wolf spider simulacrum (D:15)
  10 dream sheep
  3 tyrant leeches (Swamp:1)
  5 blink frogs (Lair:2)
  7 slime creatures
  2 shadows
  12 spriggans (Lair:5)
  8 wyverns
  2 wraiths
  2 hogs (Swamp:1)
  A hog (shapeshifter) (D:15)
  2 basilisks
  46 yaks
  16 humans (D:14)
  9 vampire mosquitoes
  2 redbacks (Lair:2)
  6 swamp worms
  2 wargs
  8 water moccasins
  A hornet zombie (D:15)
  28 orc warriors
  3 floating eyes (D:9)
  7 black bears
  A sky beast (D:7)
  15 wolves (Lair:5)
  5 boggarts (Lair:5)
  6 ogres
  4 centaurs
  A lemure (D:9)
  2 kobold brigands
  A phantom (D:4)
  3 elf zombies
  9 bullfrogs
  2 scorpions
  An elf skeleton (D:4)
  11 wights
  9 killer bees
  2 howler monkeys (D:9)
  An electric eel (D:10)
  2 centaur zombies (Ossuary)
  A human zombie (Ossuary)
  2 jellies (D:6)
  25 orc priests
  3 gnoll boudas
  3 hounds
  A sleepcap (D:6)
  5 iguanas
  A boggart zombie (D:15)
  40 orc wizards
  3 mummies
  27 gnolls
  5 adders
  A shadow imp (D:6)
  2 white imps
  2 ufetubi
  2 adder zombies (Ossuary)
  4 worms
  120 orcs
  7 endoplasms
  2 giant cockroaches (D:1)
  10 hobgoblins
  10 jackals
  19 kobolds
  A quokka (D:2)
  3 ball pythons
  5 bats
  3 frilled lizards (D:1)
  3 goblins
  9 hobgoblin zombies (Ossuary)
  A jackal zombie (Ossuary)
  10 kobold zombies (Ossuary)
  An orc skeleton (D:4)
  12 orc zombies
  6 rats
  A rat zombie (Ossuary)
760 creatures vanquished.

Vanquished Creatures (others)
  A bloated husk (Swamp:1)
  7 foxfires (Swamp:2)
8 creatures vanquished.

Grand Total: 768 creatures vanquished

Notes
Turn   | Place    | Note
-------+----------+-------------------------------------------
     0 | D:1      | safid the Merfolk Ice Elementalist began the quest for the
                  | Orb.
     0 | D:1      | Reached XP level 1. HP: 13/13 MP: 3/3
   235 | D:1      | Reached XP level 2. HP: 13/20 MP: 1/5
   295 | D:1      | Reached skill level 1 in Fighting
   685 | D:1      | Reached XP level 3. HP: 10/26 MP: 2/6
   757 | D:1      | Learned a level 3 spell: Frozen Ramparts
  1148 | D:2      | Learned a level 3 spell: Ozocubu's Armour
  1400 | D:2      | Reached skill level 5 in Ice Magic
  1490 | D:2      | Found the +7 Throatcutter {drain, coup de grace}
  1523 | D:2      | Found an ornate altar of the Wu Jian Council.
  1528 | D:2      | Reached XP level 4. HP: 33/33 MP: 8/8
  1994 | D:3      | Noticed a scorpion
  2010 | D:3      | Killed a scorpion
  2011 | D:3      | Reached skill level 1 in Long Blades
  2011 | D:3      | Reached XP level 5. HP: 16/39 MP: 1/9
  2143 | D:3      | Noticed an ogre
  2151 | D:3      | Killed an ogre
  2248 | D:3      | Reached XP level 6. HP: 46/46 MP: 10/10
  2926 | D:4      | Reached skill level 1 in Shields
  2953 | D:4      | Reached XP level 7. HP: 43/52 MP: 0/12
  2955 | D:4      | Found a sand-covered staircase.
  2970 | Ossuary  | Entered an ossuary
  4358 | D:5      | Entered Level 5 of the Dungeon
  4367 | D:5      | Reached XP level 8. HP: 61/61 MP: 6/14
  4894 | D:5      | Reached skill level 5 in Fighting
  5189 | D:6      | Reached skill level 5 in Long Blades
  5251 | D:6      | Reached skill level 5 in Spellcasting
  5390 | D:6      | Found a stormy altar of Qazlal.
  5399 | D:6      | Found a sparkling altar of Nemelex Xobeh.
  5452 | D:6      | Found Dostox's Gadget Gallery.
  5505 | D:6      | Found a staircase to the Ecumenical Temple.
  5512 | D:6      | Reached XP level 9. HP: 68/68 MP: 8/16
  5528 | Temple   | Entered the Ecumenical Temple
  5687 | Temple   | Became a worshipper of Vehumet
  6628 | D:7      | Reached * piety under Vehumet
  6628 | D:7      | Offered knowledge of Foxfire by Vehumet.
  7486 | D:8      | Noticed a two-headed ogre
  7497 | D:8      | Reached skill level 5 in Shields
  7499 | D:8      | Killed a two-headed ogre
  7500 | D:8      | Reached XP level 10. HP: 36/77 MP: 7/19
  7716 | D:8      | Found a transporter.
  7719 | D:8      | Found a transporter.
  7719 | D:8      | Noticed a deep elf pyromancer
  7732 | D:8      | Killed a deep elf pyromancer
  7862 | D:8      | Noticed a cyclops
  7879 | D:8      | Killed a cyclops
  7879 | D:8      | Reached ** piety under Vehumet
  7879 | D:8      | Offered knowledge of Sandblast by Vehumet.
  8005 | D:8      | Noticed Psyche
  8016 | D:8      | Killed Psyche
  8160 | D:8      | Found a transporter.
  8168 | D:8      | Found a transporter.
  8325 | D:8      | Found a transporter.
  8330 | D:8      | Found a transporter.
  8666 | D:9      | Noticed seaoflcl's ghost (novice DgFi)
  8666 | D:9      | Noticed a kobold demonologist
  8666 | D:9      | Found a runed translucent gate.
  8666 | D:9      | Found a runed translucent gate.
  8666 | D:9      | Found a runed translucent gate.
  9124 | D:9      | Offered knowledge of Hailstorm by Vehumet.
  9146 | D:9      | Learned a level 3 spell: Hailstorm
  9207 | D:9      | Noticed a purple ugly thing
  9207 | D:9      | Noticed a cyan ugly thing
  9210 | D:9      | Noticed a cyclops
  9213 | D:9      | Killed a purple ugly thing
  9215 | D:9      | Killed a purple ugly thing
  9224 | D:9      | Noticed a death knight
  9228 | D:9      | Killed a cyclops
  9229 | D:9      | Reached XP level 11. HP: 37/87 MP: 21/21
  9549 | D:9      | Found a white marble altar of Elyvilon.
  9711 | D:9      | Identified the +3 leather armour of the Serpent {-Cast rF+
                  | Slay+3}
  9720 | D:9      | Got the Quarto of the Amassed Stinger
  9721 | D:9      | Identified the +2 leather armour "Meofinan" {*Corrode rElec
                  | Str+9 Stlth+}
  9755 | D:9      | Noticed Pikel
  9762 | D:9      | Killed Pikel
  9762 | D:9      | Reached *** piety under Vehumet
  9857 | D:9      | Noticed Erica
  9866 | D:9      | Killed Erica
 10035 | D:9      | Paralysed by a floating eye for 2 turns
 10039 | D:9      | Reached skill level 10 in Ice Magic
 10192 | D:10     | Entered Level 10 of the Dungeon
 10222 | D:10     | Found a flagged portal.
 10238 | Bailey   | Entered a bailey
 10287 | Bailey   | Offered knowledge of Sticky Flame by Vehumet.
 10588 | Bailey   | Reached **** piety under Vehumet
 10617 | D:10     | Acquired the ring of Ifocop {+Blink rC+ rN+ Int+2}
 10638 | D:10     | Offered knowledge of Mephitic Cloud by Vehumet.
 10701 | D:10     | Found Taavius's Antique Weapon Boutique.
 10723 | D:10     | Noticed a two-headed ogre
 10727 | D:10     | Killed a two-headed ogre
 10728 | D:10     | Reached skill level 1 in Evocations
 10855 | D:10     | Noticed an obsidian statue
 10855 | D:10     | Found the +8 mithril axe "Arga" {speed, Will+}
 10863 | D:10     | Found an iron altar of Okawaru.
 10882 | D:10     | Noticed a manticore
 10883 | D:10     | Found a transporter.
 10883 | D:10     | Noticed an orange crystal statue
 10884 | D:10     | Noticed a deep elf archer
 10885 | D:10     | Noticed a deep elf zephyrmancer
 10886 | D:10     | Found a transporter.
 10890 | D:10     | Noticed a cyclops
 10918 | D:10     | Reached skill level 10 in Long Blades
 11097 | D:10     | Found a staircase to the Lair.
 11114 | D:10     | Noticed a two-headed ogre
 11121 | D:10     | Killed a two-headed ogre
 11432 | Lair:1   | Entered Level 1 of the Lair of Beasts
 11721 | Lair:1   | Reached XP level 12. HP: 77/97 MP: 19/24
 11938 | Lair:1   | Reached skill level 10 in Fighting
 12614 | Lair:2   | Noticed Maggie
 12620 | Lair:2   | Killed Maggie
 12757 | Lair:2   | Noticed a skyshark
 12766 | Lair:2   | Killed a skyshark
 12901 | Lair:2   | Found a staircase to the Swamp.
 13288 | Lair:2   | Found a hole to the Spider Nest.
 14049 | Lair:3   | Noticed a six-headed hydra
 14061 | Lair:3   | Killed a six-headed hydra
 14243 | Lair:3   | Noticed a catoblepas
 14258 | Lair:3   | Killed a catoblepas
 14502 | Lair:3   | Reached ***** piety under Vehumet
 14505 | Lair:3   | Offered knowledge of Airstrike by Vehumet.
 14866 | Lair:3   | Reached XP level 13. HP: 39/106 MP: 22/25
 16131 | Lair:4   | Identified the +1 robe of the Kraken {Archmagi}
 16478 | Lair:4   | Reached skill level 5 in Dodging
 17245 | Lair:5   | Entered Level 5 of the Lair of Beasts
 18189 | Lair:5   | Reached XP level 14. HP: 118/118 MP: 22/26
 18210 | Lair:5   | Offered knowledge of Plasma Beam by Vehumet.
 19833 | D:11     | Found a staircase to the Orcish Mines.
 20249 | D:11     | Found a runed translucent gate.
 20249 | D:11     | Noticed JanusIIV's ghost (novice DEHu)
 20286 | D:11     | Found a runed translucent gate.
 20288 | D:11     | Found a runed translucent gate.
 20663 | D:11     | Killed JanusIIV's ghost
 20666 | D:11     | Offered knowledge of Ozocubu's Refrigeration by Vehumet.
 20677 | D:11     | Learned a level 7 spell: Ozocubu's Refrigeration
 20805 | Orc:1    | Entered Level 1 of the Orcish Mines
 20814 | Orc:1    | Found Zaadig's Armour Shop.
 21080 | Orc:2    | Entered Level 2 of the Orcish Mines
 21259 | Orc:2    | Found Raychea's Antique Weapon Shop.
 21290 | Orc:2    | Reached skill level 5 in Evocations
 21497 | Orc:2    | Noticed Nessos
 21500 | Orc:2    | Killed Nessos
 22020 | Orc:2    | Noticed an orc warlord
 22042 | Orc:2    | Killed an orc warlord
 22043 | Orc:2    | Reached skill level 10 in Dodging
 22215 | Orc:2    | Found a staircase to the Elven Halls.
 22506 | Orc:2    | Found Cobokuy's General Store.
 22507 | Orc:2    | Found Agulirue's Jewellery Emporium.
 22509 | Orc:2    | Found Veshroem's Antique Armour Shoppe.
 22509 | Orc:2    | Found Raojuew's Antique Weapon Shoppe.
 22514 | Orc:2    | Bought a scroll of noise for 14 gold pieces
 22514 | Orc:2    | Bought a scroll of teleportation for 42 gold pieces
 22514 | Orc:2    | Bought a scroll of butterflies for 56 gold pieces
 22527 | Orc:2    | Bought a bloodstained robe for 91 gold pieces
 22527 | Orc:2    | Identified the +1 robe "Ceecem" {Rampage rElec rF- Int-4}
                  | (You bought it in a shop on level 2 of the Orcish Mines)
 22969 | D:12     | Noticed Nergalle
 22985 | D:12     | Killed Nergalle
 22996 | D:12     | Reached XP level 15. HP: 126/127 MP: 17/27
 23089 | D:12     | Reached skill level 15 in Ice Magic
 23362 | D:12     | Found a transporter.
 23368 | D:12     | Noticed booth's ghost (journeyman GnRe)
 23371 | D:12     | Found a transporter.
 23750 | D:13     | Found a runed translucent gate.
 23750 | D:13     | Found a runed translucent gate.
 24291 | D:13     | Found a runed translucent gate.
 24291 | D:13     | Noticed an acid blob
 24291 | D:13     | Noticed an azure jelly
 24291 | D:13     | Noticed SouperSoup's ghost (journeyman DsGl)
 24291 | D:13     | Noticed an azure jelly
 24291 | D:13     | Noticed an acid blob
 24292 | D:13     | Noticed an azure jelly
 24292 | D:13     | Noticed an azure jelly
 24292 | D:13     | Noticed an azure jelly
 24293 | D:13     | Noticed an acid blob
 24293 | D:13     | Noticed an azure jelly
 24293 | D:13     | Noticed an azure jelly
 24377 | D:13     | Found a viscous altar of Jiyva.
 24415 | D:14     | Noticed Rupert
 24415 | D:14     | Noticed Urug
 24415 | D:14     | Found a gate to the Vaults.
 24437 | D:14     | Killed Urug
 25229 | D:15     | Entered Level 15 of the Dungeon
 25343 | D:15     | Identified the +4 sling "Riptairy" {drain, Fragile rPois
                  | Stlth+}
 25550 | D:15     | Found a snail-covered altar of Cheibriados.
 25973 | D:15     | Reached ****** piety under Vehumet
 26347 | D:15     | Reached skill level 15 in Fighting
 26482 | D:15     | Found a portal to a secret trove of treasure.
 26841 | D:15     | Offered knowledge of Irradiate by Vehumet.
 26856 | D:15     | Learned a level 5 spell: Irradiate
 26884 | D:15     | Found a staircase to the Depths.
 27313 | Swamp:1  | Entered Level 1 of the Swamp
 27396 | Swamp:1  | Noticed Kirke
 27400 | Swamp:1  | Reached skill level 1 in Transmutations
 27403 | Swamp:1  | Noticed a sphinx
 27404 | Swamp:1  | Killed Kirke
 27672 | Swamp:1  | Noticed a fenstrider witch
 27678 | Swamp:1  | Paralysed by a fenstrider witch for 3 turns
 27683 | Swamp:1  | Killed a fenstrider witch
 27684 | Swamp:1  | Reached skill level 1 in Conjurations
 28219 | Swamp:2  | Noticed Louise
 28234 | Swamp:2  | Killed Louise
 28331 | Swamp:2  | Reached XP level 16. HP: 127/136 MP: 26/29
 28454 | Swamp:2  | Killed from afar by a will-o-the-wisp

Illustrated notes

Levels and vault maps discovered:
D:1:      enne_arrival_octagon_isle, layout_basic, chequers_mini_garden,
          chequers_garden
D:2:      minmay_kobold_bridge, layout_rooms, basic_altar, minmay_pentomino_u4
D:3:      layout_loops_cross, minmay_between
D:4:      layout_basic, nicolae_ossuary_entry_catacombs, serial_bayou,
          serial_bayou_ford_a, serial_bayou_lagoon_b, serial_bayou_shore_b,
          serial_bayou_shore_a
D:5:      layout_rooms
D:6:      layout_rooms, mainiacjoe_overflow_swirl, temple_green,
          kennysheep_pointless_box, nicolae_shop_gadgets
D:7:      layout_cave_pods
D:8:      kennysheep_big_flooded_room, layout_loops_ring, serial_bayou_pond_d,
          serial_nicolae_subway, nicolae_sub_station_metal,
          nicolae_sub_station_crystal, nicolae_sub_station_stone, uniq_psyche
D:9:      minmay_the_grid_triangle_9x9_rhombus_thin
          [minmay_the_grid_triangle_9x9_zippers_horizontal,
          minmay_the_grid_triangle_9x9_prize_insulated,
          minmay_the_grid_triangle_9x9_empty,
          minmay_the_grid_triangle_9x9_flanged_cone], layout_loops_corners,
          elyvilon_altar_3, gammafunk_ghost_nasty_kobolds, onia_ninara_cookie,
          uniq_pikel, uniq_erica
D:10:     gammafunk_sealed_arena, layout_basic, mainiacjoe_overflow_chevrons,
          lair_entry_dummy, serial_shops, nicolae_shop_hallway_stairs,
          enter_bailey_4, minivault_4, minivault_15, wad_scary_box
D:11:     layout_cave_pools, hiddenorc2_lemuel, biasface_ghost_orc_armoury
D:12:     layout_cave_pools, gammafunk_ghost_smash, palyth_stone_intersect,
          uniq_nergalle
D:13:     layout_cave_pools, gammafunk_ghost_ooze
D:14:     layout_rooms, david_vaults_3, hellmonk_bongcloud_opening, uniq_jorgrun
D:15:     grunt_enter_depths_magical_seal, layout_small_grid, eino_curves_01,
          enter_trove_6, grunt_ministairs_10, slow_altar_1
Temple:   compressed_dpeg_circular_temple
Lair:1:   layout_cave_pods
Lair:2:   layout_chaotic_city, minmay_swamp_entry_reptiles,
          spider_nest_entry_webs, uniq_maggie
Lair:3:   layout_cave_pods, grunt_megastairs_2
Lair:4:   layout_cave_shapes, minmay_slime_entry_oklob_open
Lair:5:   minmay_lair_end_enchanted_forest, layout_regular_city,
          minmay_shattered_shrine
Swamp:1:  layout_basic_swamp, evilmike_swamp_ruin_house_4, uniq_kirke
Swamp:2:  layout_falls_marsh, evilmike_swamp_ruin_rubble_2, swamp_pool1,
          uniq_louise
Orc:1:    layout_caves, serial_shops, nicolae_shop_competitors_out_of_business
Orc:2:    st_orc_congregation, layout_caves, serial_shops, shop_coins,
          uniq_nessos

Skill      XL: |  1  2  3  4  5  6  7  8  9 10 11 12 13 14 15 16 |
---------------+-------------------------------------------------+-----
Fighting       | 1 2 3 4 5 6 8 9 11 13 14 15 | 15.2
Ice Magic      | 5 6 7 8 9 10 12 13 14 15 | 15.8
Long Blades    | 1 2 3 5 7 8 10 12 13 14 | 14.0
Dodging        | 3 4 7 10 11 12 | 12.0
Spellcasting   | 3 4 5 6 7 8 9 |  9.3
Shields        | 1 2 3 5 6 |  6.0
Stealth        | 3 |  3.0
Evocations     | 2 4 6 8 |  8.0
Transmutations | 2 |  2.7
Conjurations   | 1 |  1.5

Action                     |  1- 3 |  4- 6 |  7- 9 | 10-12 | 13-15 | 16-18 || total
---------------------------+-------+-------+-------+-------+-------+-------++-------
  Melee: Dagger            |    18 |       |       |       |       |       ||    18
         Unarmed           |     1 |       |       |       |       |       ||     1
         Rapier            |    21 |       |       |       |       |       ||    21
         Long sword        |     1 |    70 |   193 |   290 |   643 |     5 ||  1202
         Punch             |       |     1 |       |       |       |       ||     1
         Tailslap          |       |       |       |     1 |       |       ||     1
   Cast: Freeze            |    44 |     5 |     2 |     8 |    46 |       ||   105
         Frozen Ramparts   |     1 |     5 |    27 |    54 |    58 |       ||   145
         Ozocubu's Armour  |       |     2 |    19 |    39 |    49 |       ||   109
         Hailstorm         |       |       |       |     2 |     8 |       ||    10
         Ozocubu's Refrige |       |       |       |       |    50 |     5 ||    55
  Evoke: Wand              |       |       |       |       |     1 |       ||     1
    Use: Scroll            |       |       |     8 |    10 |    18 |       ||    36
         Potion            |       |       |       |     3 |     6 |     1 ||    10
   Stab: Sleeping          |     5 |     6 |     2 |     7 |     6 |       ||    26
         Distracted        |       |       |       |       |     1 |       ||     1
 Armour: Robe              |    11 |    15 |    47 |    71 |   160 |       ||   304
  Dodge: Dodged            |    39 |    28 |    78 |   126 |   288 |     4 ||   563
  Block: Other             |       |     4 |       |       |       |       ||     4
         Buckler           |       |    10 |    94 |   132 |   339 |     3 ||   578
         Reflection        |       |       |     3 |     4 |    22 |       ||    29
